 Dungeon Crawl Stone Soup version 0.31-a0-925-g0a390f2509 (webtiles) character file.

Game seed: 6378697156090457942

2480 Error4North the Ruffian (level 9, -23/74 HPs)
             Began as a Grey Draconian Shapeshifter on Oct 18, 2023.
             Killed by an exploding kobold (35 damage)
             ... ignited by their inner flame
             ... on level 7 of the Dungeon.
             The game lasted 00:25:23 (5668 turns).

Error4North the Ruffian (DrSh)                      Turns: 5668, Time: 00:25:23

Health: -23/74     AC: 12    Str: 20    XL:     9   Next: 27%
Magic:  11/12      EV: 13    Int: 14    God:
Gold:   125        SH:  0    Dex: 10    Spells: 11/12 levels left

rFire   . .          .
                       - Unarmed
rCold   + . .        (no shield)
rNeg    . . .        (body armour unavailable)
rPois   .            A - melded +1 hat
rElec   .            n - melded +0 cloak
rCorr   .            (gloves currently unavailable)
SInv    .            F - melded +0 pair of boots
Will    +....        (no amulet)
Stlth   ++           m - ring of protection from cold
HPRegen 0.32/turn    g - ring of willpower
MPRegen 0.13/turn

%: no passive effects
@: lethally poisoned (-23 -> -25), beast-form, very slightly contaminated
A: beast (slay +2), AC +12, amphibious, unfitting armour, cold-blooded, clever
1, inability to drink after injury 1
a: Begin Untransformation


You were on level 7 of the Dungeon.
You were a hulking beast.
You visited 1 branch of the dungeon, and saw 7 of its levels.

You collected 333 gold pieces.
You spent 208 gold pieces at shops.

Inventory:

Missiles
 d - 4 poisoned darts
 s - 10 boomerangs
Armour
 n - a +0 cloak (melded)
 A - a +1 hat (melded)
 F - a +0 pair of boots (melded)
Jewellery
 g - a ring of willpower (right hand)
 m - a ring of protection from cold (left hand)
 D - a ring of protection from fire
Talismans
 b - a beast talisman (active)
 c - a flux talisman
Wands
 q - a wand of flame (9)
 B - a wand of paralysis (8)
Scrolls
 f - 2 scrolls of amnesia {unknown}
 i - a scroll of noise {unknown}
 j - 2 scrolls of immolation
 k - a scroll of fear {unknown}
 l - 3 scrolls of revelation {unknown}
 r - 4 scrolls of teleportation {unknown}
 v - a scroll of poison {unknown}
 w - 4 scrolls of identify {unknown}
 x - 2 scrolls of fog {unknown}
 y - a scroll of silence {unknown}
 C - 2 scrolls of enchant weapon {unknown}
 E - 2 scrolls of blinking {unknown}
Potions
 a - 2 potions of lignification
 e - 2 potions of enlightenment
 h - 2 potions of might
 o - a potion of cancellation {unknown}
 p - 3 potions of heal wounds {unknown}
 t - 4 potions of haste {unknown}
 z - 3 potions of curing


   Skills:
 * Level 5.0 Fighting
 + Level 3.0 Throwing
 * Level 5.2 Dodging
 + Level 2.3 Stealth
 + Level 6.6 Unarmed Combat
 + Level 2.0 Spellcasting
 + Level 3.0 Transmutations
 + Level 2.8 Poison Magic
 + Level 1.4 Evocations
 * Level 5.1 Shapeshifting


You had 11 spell levels left.
You knew the following spells:

 Your Spells              Type           Power      Damage    Failure   Level
a - Sting                 Tmut/Pois      36%        1d4       7%          1

Your spell library contained the following spells:

 Spells                   Type           Power      Damage    Failure   Level
 Poisonous Vapours        Pois/Air       10%        N/A       21%         2
 Olgreb's Toxic Radiance  Pois           9%         N/A       58%         4


Dungeon Overview and Level Annotations

Branches:
Dungeon (7/15)
 Temple: D:4-7

Altars:
Trog
Vehumet
The Shining One

Shops:
D:6 :*?[


Innate Abilities, Weirdness & Mutations

You are a hulking beast.
Your limbs bulge with bestial killing power. (Slay +2)
Your dull iron-grey scales are very hard. (AC +12)
You are amphibious.
You cannot fit into any form of body armour.
You are cold-blooded and may be slowed by cold attacks.
Your mind is acute. (Int +4, Str/Dex -1)
You occasionally lose the ability to drink potions when taking damage.


Message History

You punch the kobold brigand!
The kobold brigand is severely wounded.
The kobold brigand hits you with a +1 short sword of protection.
The kobold misses you. The kobold barely misses you.
The orc shouts!
You hit the kobold brigand.
The kobold brigand is severely wounded.
The kobold brigand barely misses you. The kobold closely misses you.
The kobold hits you but does no damage.
As you read the scroll labelled QIENUPTUNO, it crumbles to dust.
The creatures around you are filled with an inner flame!
It was a scroll of immolation.
The kobold brigand hits you with a +1 short sword of protection.
The kobold barely misses you. The kobold misses you.
The kobold brigand throws a poisoned dart.
The poisoned dart hits you!
You are poisoned.
You feel sick.
Aiming: Sting (safe; 7% risk of failure)
Press: ? - help, Q - select action, (/) - cycle Shift-Dir - straight line, f - kobold brigand
Aim: a kobold brigand, wielding a +1 short sword of protection and quivering poisoned darts (severely wounded, inner flame, 60% to hit)
You miscast Sting.
You are very lightly contaminated with residual magic.
Nothing appears to happen.
You feel sick.
The kobold brigand throws a poisoned dart.
The poisoned dart barely misses you. The kobold closely misses you.
The kobold misses you.
You feel sick.
You barely miss the kobold. You tail-slap the kobold.
The kobold explodes!
The fiery explosion engulfs the kobold!
The fiery explosion engulfs you!!!
Ouch! That really hurt!
* * * LOW HITPOINT WARNING * * *
The fiery explosion engulfs the orc!
Flame seeps out of the orc.
The orc is almost dead.
The kobold explodes!
The fiery explosion engulfs the kobold brigand!!!
The fiery explosion engulfs you!!
You die...

..#.> ##.......## ..##.# ..
#.........# ..# .#
##.##.........##
.#............#.## .
..............#..## #..
#................## ..#.
#........)<......#
...##.......)##..#...##
.##....>..§h§.##.##....#
...#.....§)§§..#.##....#####
........)§§o...#.##...###..#
...)....)........#.....#....
.......o.............#.##...
.....................#..#...
......#.....................
......##...............##...
................)).....##..#


You could see 2 orcs.

Vanquished Creatures
  Pikel (D:4)
  4 ice beasts (D:6)
  An orc warrior (D:6)
  An ogre (D:4)
  2 black bears
  2 phantoms
  A kobold brigand (D:7)
  A bullfrog (D:6)
  A gnoll sergeant (D:7)
  3 scorpions
  5 wights (D:6)
  A howler monkey (D:5)
  2 jellies
  An orc priest (D:6)
  2 hounds
  A gnoll bouda (D:7)
  2 iguanas
  3 orc wizards
  11 gnolls
  7 adders
  4 ufetubi
  5 worms
  2 dart slugs (D:1)
  7 orcs
  6 ball pythons
  3 endoplasms (D:1)
  5 giant cockroaches
  5 goblins
  3 hobgoblins
  2 jackals
  13 kobolds
  2 quokkas
  5 bats
  3 frilled lizards
  4 rats
121 creatures vanquished.

Notes
Turn   | Place    | Note
-------+----------+-------------------------------------------
     0 | D:1      | Error4North the Draconian Shapeshifter began the quest for
                  | the Orb.
     0 | D:1      | Reached XP level 1. HP: 16/16 MP: 1/1
   144 | D:1      | Reached XP level 2. HP: 23/23 MP: 2/2
   358 | D:1      | Reached XP level 3. HP: 28/28 MP: 3/3
   898 | D:2      | Gained mutation: You are agile. (Dex +4, Str/Int -1)
                  | [potion of mutation]
   898 | D:2      | Gained mutation: You are frail. (-10% HP) [potion of
                  | mutation]
  1743 | D:3      | Reached XP level 4. HP: 25/32 MP: 4/4
  2024 | D:3      | Reached skill level 4 in Unarmed Combat
  2731 | D:4      | Reached XP level 5. HP: 37/37 MP: 5/5
  2787 | D:4      | Noticed a black bear
  2794 | D:4      | Killed a black bear
  2830 | D:4      | Lost mutation: You are agile. (Dex +4, Str/Int -1) [potion
                  | of mutation]
  2830 | D:4      | Lost mutation: You are frail. (-10% HP) [potion of
                  | mutation]
  2830 | D:4      | Gained mutation: You are frail. (-10% HP) [potion of
                  | mutation]
  2830 | D:4      | Gained mutation: You occasionally shout uncontrollably at
                  | your foes. [potion of mutation]
  2900 | D:4      | Reached skill level 1 in Stealth
  2901 | D:4      | Reached skill level 1 in Throwing
  2971 | D:4      | Learned a level 1 spell: Sting
  3013 | D:4      | Noticed Pikel
  3014 | D:4      | Noticed a lemure
  3015 | D:4      | Noticed a lemure
  3015 | D:4      | Noticed a lemure
  3025 | D:4      | Killed Pikel
  3026 | D:4      | Reached skill level 1 in Spellcasting
  3026 | D:4      | Reached skill level 1 in Transmutations
  3026 | D:4      | Reached skill level 1 in Poison Magic
  3026 | D:4      | Reached XP level 6. HP: 45/45 MP: 5/8
  3026 | D:4      | Your scales start taking on a dull iron-grey colour.
  3026 | D:4      | Reached XP level 7. HP: 51/51 MP: 5/9
  3773 | D:5      | Entered Level 5 of the Dungeon
  3836 | D:5      | Reached skill level 5 in Unarmed Combat
  3889 | D:4      | Reached XP level 8. HP: 55/59 MP: 10/10
  4571 | D:6      | Found Duthroda's Antique Armour Boutique.
  4584 | D:6      | Upgraded the game from 0.31-a0-920-g28cbb04a8c to
                  | 0.31-a0-925-g0a390f2509
  4621 | D:6      | Found Cecasaa's Magic Scroll Shoppe.
  4646 | D:6      | Reached skill level 6 in Unarmed Combat
  4893 | D:6      | Found Siev's Book Emporium.
  4977 | D:6      | Reached skill level 5 in Dodging
  4977 | D:6      | Reached XP level 9. HP: 38/62 MP: 12/12
  4988 | D:6      | Reached skill level 5 in Shapeshifting
  4991 | D:6      | Found a glowing golden altar of the Shining One.
  5167 | D:6      | Found a bloodstained altar of Trog.
  5198 | D:6      | Found a radiant altar of Vehumet.
  5336 | D:6      | Found Neodanut's Assorted Antiques.
  5341 | D:6      | Bought a potion of mutation for 208 gold pieces
  5341 | D:6      | Lost mutation: You occasionally shout uncontrollably at
                  | your foes. [potion of mutation]
  5341 | D:6      | Lost mutation: You are frail. (-10% HP) [potion of
                  | mutation]
  5341 | D:6      | Gained mutation: Your mind is acute. (Int +4, Str/Dex -1)
                  | [potion of mutation]
  5341 | D:6      | Gained mutation: You occasionally lose the ability to drink
                  | potions when taking damage. [potion of mutation]
  5382 | D:7      | Reached skill level 1 in Evocations
  5478 | D:6      | Reached skill level 5 in Fighting
  5668 | D:7      | Killed by an exploding kobold... ignited by their inner
                  | flame

Illustrated notes

Levels and vault maps discovered:
D:1:      mrwooster_arrival_arrow, layout_basic, serial_forest,
          infiniplex_forest_lined_3, infiniplex_forest_lined_2,
          infiniplex_forest_lined_corner, infiniplex_forest_clump_small,
          minmay_domino_4
D:2:      layout_loops_ring
D:3:      layout_loops_corners
D:4:      layout_loops_corners, kennysheep_generic_room_6, uniq_pikel
D:5:      layout_rooms
D:6:      layout_loops_cross, mainiacjoe_overflow_cross_hatched,
          nicolae_tso_swordbearing_angel, overflow_temple_1_default,
          serial_shops, shop, nicolae_shop_tiny_glass,
          nicolae_shop_hallway_stairs, nicolae_shop_crystal
D:7:      layout_cave_pools, minmay_temple_entry_junction,
          kennysheep_minor_cross

Skill      XL: |  1  2  3  4  5  6  7  8  9 |
---------------+----------------------------+-----
Dodging        | 2 3 5 |  5.2
Fighting       | 2 3 4 5 |  5.0
Unarmed Combat | 4 5 6 |  6.6
Stealth        | 1 2 |  2.3
Throwing       | 1 2 3 |  3.0
Shapeshifting  | 4 5 |  5.1
Spellcasting   | 1 2 |  2.0
Transmutations | 1 2 3 |  3.0
Poison Magic   | 1 2 |  2.8
Evocations     | 1 |  1.4

Action                     |  1- 3 |  4- 6 |  7- 9 || total
---------------------------+-------+-------+-------++-------
  Melee: Unarmed           |    96 |    29 |   242 ||   367
         Tailslap          |    12 |     7 |    33 ||    52
         Punch             |     3 |       |    12 ||    15
  Throw: Javelin           |     2 |    17 |    24 ||    43
         Boomerang         |       |       |    14 ||    14
         Dart              |       |       |     3 ||     3
  Evoke: Wand              |       |       |     6 ||     6
    Use: Potion            |     3 |     5 |     2 ||    10
         Scroll            |       |       |     1 ||     1
   Stab: Sleeping          |     2 |       |     1 ||     3
 Armour: Skin              |    58 |    13 |   151 ||   222
  Dodge: Dodged            |    43 |    13 |   183 ||   239
         Form:             |       |       |     1 ||     1
         Beast             |       |       |     1 ||     1

Table legend: (Time is in decaauts)
 A = Elapsed time spent in this place.
 B = Non-inter-level travel time spent in this place.
 C = Inter-level travel time spent in this place.
 D = Time resting spent in this place.
 E = Time spent auto-exploring this place.
 F = Levels seen in this place.
 G = Mean time per level.
                   A        B        C        D        E       F      G
               +--------+--------+--------+--------+--------+-----+--------+
         Total |   5655 |   5392 |    263 |    426 |   3527 |   7 |  807.9 |
       Dungeon |   5655 |   5392 |    263 |    426 |   3527 |   7 |  807.9 |
               +--------+--------+--------+--------+--------+-----+--------+

Top non-repeatable levels by time:
     D:6: 1181 daAuts
     D:4: 1120 daAuts
     D:3: 986 daAuts
     D:2: 953 daAuts
     D:1: 768 daAuts
     D:5: 483 daAuts
     D:7: 162 daAuts
